Unix NetHack Version 5.0.0-0 post-release - last build May  4 2026 22:22:43 (774f63e81ad911689b3a0859ea89b322d5daca8d,branch:main).

Game began 2026-05-08 09:08:34, ended 2026-05-08 10:19:33.

1112463359, lawful female human Valkyrie

                                    -------                               ----
                                    |.....|                               |..|
                  ------------     #.......#                              |..|
            ######...........|     #|.....|#                           ###-..|
  --------- #     |..........|     #|.....|#                          ##  |>.|
  |.......|##     |..........-##)###-------#                         ##   |..|
  |......%e#      |...<......|   ######`########                     #    |..|
  |.......|       --.---.-----   #    ################################    --|-
  |dd......###########################`       # ----------------#          ##
  |@......|   #################` #            ##..Z............-#          #
  ---.-----####       # #        #              |..............|#          #
     #######          ####       #              |..............|####    ####
                        ####     #              |..............|#  #    #
                        ## ##### #              ----------------###########
                        -.-----.-#                                 ###-|--.---
                        |.......|#                                   #.......|
                        |.......|#                                    |......|
                        |.......-#                                    |......|
                        ---------                                     --------

1112463359 the Skirmisher   St:17 Dx:11 Co:18 In:7 Wi:10 Ch:10  Lawful
Dlvl:2  $:24 HP:0(47) Pw:19(19) AC:6  Xp:5 T:2974 

Latest messages:
 You get zapped!
 You feel more confident in your weapon skills.
 (Tip: use the #enhance command to advance them.)
 You kill the grid bug!
 The grid bug misses!
 You kill the grid bug!
 You descend the stairs.
 Are you sure you want to pray? [yn] (n) y
 You begin praying to Tyr.
 You are surrounded by a shimmering light.
 You finish your prayer.
 You feel that Tyr is well-pleased.
 Your stomach feels content.
 You hit the gnome lord.
 You miss the gnome lord.
 The gnome lord hits!
 You hear an E flat squeak in the distance.
 You hit the gnome lord!
 The gnome lord hits!
 You kill the gnome lord!
 Welcome to experience level 5.
 You see here 4 darts.
 The gnome swings her bow.
 The gnome hits!
 You see here 4 darts.
 You hear an E flat squeak in the distance.
 The gnome swings her bow.
 The gnome hits!
 The gnome picks up 4 darts.
 You climb up the stairs.
 The kobold lady hits!
 The coyote bites!
 You hit the kobold lady!
 The coyote bites!
 You hit the kobold lady!
 The kobold lady hits!
 The coyote just misses!
 You kill the kobold lady!
 The coyote bites!
 The coyote bites!
 The coyote bites!
 The coyote bites!
 The coyote misses!
 The coyote bites!
 You die...
 Do you want your possessions identified? [ynq] (y) n
 Do you want to see your attributes? [ynq] (y) n
 Do you want an account of creatures vanquished? [ynaq] (y) n
 Do you want to see your conduct and achievements? [ynq] (y) n
 Do you want to see the dungeon overview? [ynq] (y) n

Inventory:
 Coins    ('$')
  $ - 24 gold pieces
 Weapons  (')')
  q - 17 +0 darts (at the ready)
  p - 10 blessed +0 shuriken
  b - 2 +0 daggers (alternate weapons; not wielded)
  i - a blessed corroded +0 orcish dagger
  h - a cursed +0 orcish dagger
  a - a +1 spear (weapon in right hand)
 Armor    ('[')
  m - an uncursed +0 elven leather helm
  g - an uncursed +0 orcish helm
  j - an uncursed +0 orcish helm
  c - an uncursed +3 small shield (being worn)
  k - a blessed +1 orcish ring mail
 Spellbooks  ('+')
  e - an uncursed spellbook of extra healing
 Potions  ('!')
  u - an uncursed potion of object detection
 Boulders/Statues  ('`')
  f - an empty uncursed statue of a grid bug

1112463359 the Valkyrie's attributes:

Background:
 You were a Skirmisher, a level 5 human Valkyrie.
 You were lawful, on a mission for Tyr
 who was opposed by Odin (neutral) and Loki (chaotic).
 You were right-handed.
 You were in the Dungeons of Doom, on level 2.
 You entered the dungeon 2974 turns ago.
 You had 182 experience points, 138 more were needed to attain level 6.

Basics:
 You had 0 out of 47 hit points.
 You had all 19 energy points (spell power).
 Your armor class was 6.
 Your wallet contained 24 zorkmids.
 Autopickup was off.

Final Characteristics:
 Your strength was 17 (peak:18/01, limit:18/100).
 Your dexterity was 11 (limit:18).
 Your constitution was 18 (limit:18).
 Your intelligence was 7 (limit:18).
 Your wisdom was 10 (limit:18).
 Your charisma was 10 (limit:18).

Final Status:
 You weren't hungry.
 You were unencumbered.
 You were wielding a spear.
 You had basic skill with spear and could have enhanced that.

Final Attributes:
 You were piously aligned.
 You were cold resistant.
 You were telepathic.
 You were stealthy.
 You are dead.

Miscellaneous:
 You didn't encounter any bones levels.
 Total elapsed playing time was 1 hour, 4 minutes and 33 seconds.

Major events:
 Turn
    1: 1112463359 the lawful human Valkyrie entered the dungeon
 1135: attained the rank of Skirmisher (level 3)
 2933: entered the Gnomish Mines
 2974: killed by a coyote

You didn't know any spells.

Skills:
 Fighting Skills
   bare handed combat [Unskilled]
   two weapon combat  [Unskilled]
   riding             [Unskilled]
 Weapon Skills
   dagger             [Basic]
   axe                [Unskilled]
   pick-axe           [Unskilled]
   short sword        [Unskilled]
   broadsword         [Unskilled]
   long sword         [Unskilled]
   two-handed sword   [Unskilled]
   saber              [Unskilled]
   hammer             [Unskilled]
   quarterstaff       [Unskilled]
   polearms           [Unskilled]
   spear              [Basic]
   trident            [Unskilled]
   lance              [Unskilled]
   sling              [Unskilled]
 Spellcasting Skills
   attack spells      [Unskilled]
   escape spells      [Unskilled]

Voluntary challenges:
 Character rerolling was not enabled.
 You were illiterate.
 You never genocided any monsters.
 You never polymorphed an object.
 You never changed form.
 You used no wishes.
Achievements:
 You attained the rank of Skirmisher.
 You entered the Gnomish Mines.

 The Dungeons of Doom: levels 1 to 2
    Level 1:
       A fountain.
    Level 2: <- You were here.
       Stairs down to The Gnomish Mines.
       Final resting place for
          you, killed by a coyote.
 The Gnomish Mines:
    Level 3:


Vanquished creatures:
  a shrieker
  a gnome leader
  a floating eye
  a homunculus
  2 kobold leaders
  a giant bat
 an iguana
  a hobbit
  7 manes
  a large kobold
  2 cave spiders
  a yellow mold
  a green mold
  9 jackals
  2 foxes
  a kobold
  5 goblins
  3 sewer rats
  9 grid bugs
  a bat
  4 lichens
  3 kobold zombies
  8 newts
66 creatures vanquished.

No species were genocided or became extinct.

Game over:
                       ----------
                      /          \
                     /    REST    \
                    /      IN      \
                   /     PEACE      \
                  /                  \
                  |    1112463359    |
                  |      24 Au       |
                  |   killed by a    |
                  |      coyote      |
                  |                  |
                  |                  |
                  |       2026       |
                 *|     *  *  *      | *
        _________)/\\_//(\/(/\)/\//\/|_)_______

Farvel 1112463359 the Valkyrie...

You died in The Dungeons of Doom on dungeon level 2 with 850 points,
and 24 pieces of gold, after 2974 moves.
You were level 5 with a maximum of 47 hit points when you died.

